 Dungeon Crawl Stone Soup version 0.30.1-11-g7821555f0a (webtiles) character file.

Game seed: 7807480627869689041

27 ystael the Chiller (level 3, -1/24 HPs)
             Began as a Merfolk Ice Elementalist on Dec 5, 2023.
             Slain by a howler monkey (7 damage)
             ... on level 2 of the Dungeon.
             The game lasted 00:03:10 (1083 turns).

ystael the Chiller (Merfolk Ice Elementalist)       Turns: 1083, Time: 00:03:11

Health: -1/24      AC:  2    Str:  8    XL:     3   Next: 10%
Magic:  1/6        EV: 12    Int: 16    God:
Gold:   48         SH:  0    Dex: 14    Spells: 2/6 levels left

rFire   . . .        c - +0 spear
rCold   . . .        (no shield)
rNeg    . . .        a - +0 robe
rPois   .            (no helmet)
rElec   .            (no cloak)
rCorr   .            (no gloves)
SInv    .            (no boots)
Will    .....        (no amulet)
Stlth   ++           (no ring)
HPRegen 0.24/turn    (no ring)
MPRegen 0.10/turn

%: no passive effects
@: no status effects
A: (nimble swimmer 2), mertail
a: no special abilities


You were on level 2 of the Dungeon.
You visited 1 branch of the dungeon, and saw 2 of its levels.

You collected 48 gold pieces.

Inventory:

Hand Weapons
 c - a +0 spear (weapon)
Armour
 a - a +0 robe (worn)
Jewellery
 d - an amulet of faith
Scrolls
 f - a scroll of teleportation {unknown}
Potions
 b - a potion of magic
 e - 2 potions of lignification


   Skills:
 - Level 2.6 Dodging
 - Level 2.1 Stealth
 + Level 2.4 Spellcasting
 * Level 5.1 Ice Magic


You had 2 spell levels left.
You knew the following spells:

 Your Spells              Type           Power      Damage    Failure   Level
f - Freeze                Ice            72%        1d8       2%          1
r - Frozen Ramparts       Ice            36%        1d6       7%          3

Your spell library contained the following spells:

 Spells                   Type           Power      Damage    Failure   Level
 Ozocubu's Armour         Ice            18%        N/A       7%          3
 Summon Ice Beast         Ice/Summ       10%        N/A       56%         4


Dungeon Overview and Level Annotations

Branches:
Dungeon (2/15) Zot: 10914

Altars:

Annotations:
D:2 Terence


Innate Abilities, Weirdness & Mutations

((You are very nimble when in or above water. (Stealth+, EV+, Speed+++)))
Your lower body shifts to a powerful aquatic tail in water.


Message History

The howler monkey attacks as you move away!
The howler monkey hits you.
You see here 5 stones.
The howler monkey attacks as you move away!
The howler monkey hits you!
You see here 8 gold pieces.
The howler monkey hoots and howls with incredible vigour!
You hear a bark! x2
The howler monkey attacks as you move away!
The howler monkey closely misses you.
The howler monkey attacks as you move away!
The howler monkey hits you!
Your magical contamination has completely faded away.
The howler monkey attacks as you move away!
The howler monkey closely misses you.
The howler monkey hoots and howls with incredible vigour!
You hear a bark! x2
Things that are here:
a +0 club; a +0 club The howler monkey attacks as you move away!
The howler monkey closely misses you.
Casting: Freeze (safe; 2% risk of failure)
Confirm with . or Enter, or press ? or * to list all spells.
Aiming: Freeze (safe; 2% risk of failure)
Press: ? - help, Shift-Dir - straight line, f/p - howler monkey
Aim: a howler monkey (severely wounded)
You freeze the howler monkey.
The howler monkey is severely wounded.
The howler monkey hoots and howls with incredible vigour!
You hear a bark! x2
The howler monkey attacks as you move away!
The howler monkey misses you. The howler monkey barely misses you.
The howler monkey attacks as you move away!
The howler monkey hits you.
* * * LOW HITPOINT WARNING * * *
The howler monkey attacks as you move away!
The howler monkey closely misses you.
The howler monkey attacks as you move away!
The howler monkey hits you!
You die...

#.. #.@....>. #..##.#
##..##.# ##<#...#
#....$(##.# #..#.###
#..##$....# #.##.#
#..##.##.## #.#..#
####..$†.##.# ##...##
.!..........# ##...##
........###########...## #
..[.......@....h@[....#...
##################.........
#....#.... ##########


You could see Terence and a howler monkey.

Vanquished Creatures
  A worm (D:2)
  A ball python (D:1)
  3 endoplasms
  2 giant cockroaches (D:1)
  3 goblins
  3 hobgoblins
  3 quokkas
  A bat (D:1)
  2 frilled lizards (D:1)
  A rat (D:1)
20 creatures vanquished.

Notes
Turn   | Place    | Note
-------+----------+-------------------------------------------
     0 | D:1      | ystael the Merfolk Ice Elementalist began the quest for the
                  | Orb.
     0 | D:1      | Reached XP level 1. HP: 13/13 MP: 3/3
   161 | D:1      | Reached XP level 2. HP: 8/19 MP: 1/5
   345 | D:1      | Found a faded altar of an unknown god.
   875 | D:2      | Identified the +0 chain mail "Uleim" {rPois rCorr Str-5}
   894 | D:2      | Reached skill level 5 in Ice Magic
  1000 | D:2      | Reached XP level 3. HP: 17/24 MP: 3/6
  1049 | D:2      | Learned a level 3 spell: Frozen Ramparts
  1066 | D:2      | Noticed Terence
  1083 | D:2      | Slain by a howler monkey

Illustrated notes

Levels and vault maps discovered:
D:1:      eino_arrival_water_cross, layout_loops_ring,
          hellmonk_ecumenical_altar_crossroads, roderic_cross_of_infinity
D:2:      layout_rooms, minmay_tetromino_o4, uniq_terence

Skill      XL: |  1  2 |
---------------+-------+-----
Ice Magic      | 5 |  5.1
Dodging        | |  2.6
Stealth        | |  2.1
Spellcasting   | |  2.4

Action                     || total
---------------------------++-------
  Melee: Spear             ||    36
   Cast: Freeze            ||    26
    Use: Scroll            ||     4
   Stab: Sleeping          ||     4
         Distracted        ||     1
 Armour: Robe              ||     5
  Dodge: Dodged            ||    23
